 Dungeon Crawl Stone Soup version 0.17.1-1-g73c8601 (webtiles) character file.

140 Bane the Slasher (level 5, -3/40 HPs)
             Began as a Demonspawn Gladiator on Dec 22, 2015.
             Slain by Clownie's ghost (8 damage)
             ... on level 3 of the Dungeon.
             The game lasted 00:07:29 (2267 turns).

Bane the Slasher (Demonspawn Gladiator)             Turns: 2267, Time: 00:07:29

Health: -3/40      AC:  8    Str: 15    XL:     5   Next: 2%
Magic:  5/5        EV: 13    Int:  9    God:
Gold:   150        SH:  0    Dex: 20    Spells: 0 memorised, 4 levels left

rFire  . . .     SeeInvis .     a - +0 long sword
rCold  . . .     Clarity  .     m - +0 chain mail
rNeg   . . .     SustAt   +     (no shield)
rPois  .         Gourm    .     (helmet restricted)
rElec  .         Spirit   .     (no cloak)
rCorr  .         Warding  .     (no gloves)
rMut   .         Stasis   .     (no boots)
MR     .....                    p - amulet of rage
Stlth  ..........               y - ring of sustain attributes
                                j - ring of wizardry

@: agile, not resistant to hostile enchantments, extremely unstealthy
A: antennae 1, demonic guardian 1
a: Evoke Berserk Rage


You were on level 3 of the Dungeon.
You were hungry.

You visited 1 branch of the dungeon, and saw 3 of its levels.

You collected 150 gold pieces.

Inventory:

Hand Weapons
 a - a +0 long sword (weapon)
Missiles
 d - 3 throwing nets (quivered)
Armour
 b - a +0 leather armour
 c - a +0 helmet
 m - a +0 chain mail (worn)
 q - a +0 plate armour
Jewellery
 j - a ring of wizardry (left hand)
 p - an amulet of rage (around neck)
 y - a ring of sustain attributes (right hand)
 z - an uncursed ring of sustain attributes
Scrolls
 f - a scroll of random uselessness {unknown}
 h - a scroll of fog {unknown}
 l - 2 scrolls of remove curse {unknown}
 n - 4 scrolls of identify {unknown}
 o - 3 scrolls of noise {unknown}
 r - a scroll of teleportation {unknown}
 A - a scroll of blinking {unknown}
 B - a scroll of fear {unknown}
Potions
 g - a potion of lignification {unknown}
 k - a potion of flight {unknown}
 t - a potion of agility
 u - a potion of invisibility {unknown}
 w - a potion of brilliance {unknown}
 x - a potion of ambrosia {unknown}
Comestibles
 e - 2 bread rations
 i - a slice of pizza
 s - a beef jerky
 v - a meat ration


   Skills:
 + Level 2.8 Fighting
 + Level 3.6 Long Blades
 - Level 1.7 Throwing
 + Level 1.5 Armour
 + Level 3.5 Dodging
 + Level 0.4 Stealth


You had 4 spell levels left.
You didn't know any spells.

Dungeon Overview and Level Annotations

Branches:
Dungeon (3/15)

Altars:
Ru

Annotations:
D:3 Clownie's ghost, amateur FoFi


Innate Abilities, Weirdness & Mutations

You have a pair of small antennae on your head.
A weak demonic guardian rushes to your aid.


Message History

Your chain mail prevents you from hitting Clownie's ghost.
Clownie's ghost is moderately damaged.
Clownie's ghost hits you but does no damage.
Your crimson imp hits Clownie's ghost.
You slash Clownie's ghost!
Clownie's ghost is heavily damaged.
Clownie's ghost hits you!
* * * LOW HITPOINT WARNING * * *
Your crimson imp hits Clownie's ghost.
You slash Clownie's ghost!
Clownie's ghost is almost destroyed.
Clownie's ghost hits you.
* * * LOW HITPOINT WARNING * * *
Your crimson imp hits Clownie's ghost but does no damage.
Clownie's ghost hits you but does no damage.
It was a potion of agility.
You feel agile all of a sudden.
Your crimson imp barely misses Clownie's ghost.
Clownie's ghost hits you!
You die...

#.# #####.###.#.#......# #.#
#.# #.....#.....#......# #.#
#.###.....#.#...##.#.#.# #.#
#...).....#.#...##.#.#.# #..
#########...#...##.#.#.#####
#...........#......#.#.#..
#.##......#.#..#####.#.#.###
#.##.#.....5#..### #.#.#.#>.
#.##.#.....@W....# #.#.#.#.#
#.##.#.........#.# #.#.#<.)#
#.##'#+#.#..#.##.# #.#.#.###
#........#.....#.###.#.#....
#......).#.##........#.#..##
#........#.#####..........##
#........#........####.##.#.
##.......########.# #.##.#.
#........... #.# #......


You could see Clownie's ghost and a friendly crimson imp.

Vanquished Creatures
  A centaur skeleton (D:3)
  A worker ant zombie (D:3)
  3 adders
  An adder zombie (D:3)
  2 worms (D:2)
  2 adder skeletons (D:3)
  11 goblins
  7 hobgoblins
  2 jackals (D:2)
  6 kobolds
  A quokka (D:3)
  A ball python (D:2)
  8 bats
  A giant cockroach (D:2)
  A giant cockroach zombie (D:3)
  2 giant geckos
  4 giant newts
  8 rats
62 creatures vanquished.

Notes
Turn   | Place    | Note
--------------------------------------------------------------
     0 | D:1      | Bane the Demonspawn Gladiator began the quest for the Orb.
     0 | D:1      | Reached XP level 1. HP: 16/16 MP: 1/1
   203 | D:1      | Reached skill level 3 in Dodging
   219 | D:1      | Gained mutation: You have a pair of small antennae on your head. [demonic ancestry]
   219 | D:1      | Reached XP level 2. HP: 17/22 MP: 2/2
   990 | D:2      | Reached XP level 3. HP: 28/28 MP: 3/3
  1254 | D:2      | Found a sacrificial altar of Ru.
  1889 | D:3      | Reached skill level 1 in Armour
  1947 | D:3      | Reached XP level 4. HP: 29/34 MP: 4/4
  2208 | D:3      | Gained mutation: A weak demonic guardian rushes to your aid. [demonic ancestry]
  2208 | D:3      | Reached XP level 5. HP: 31/40 MP: 5/5
  2257 | D:3      | Noticed Clownie's ghost (amateur FoFi)
  2267 | D:3      | Slain by Clownie's ghost

Action                   |  1- 3 |  4- 6 || total
-------------------------+-------+-------++-------
Melee: Long sword        |   151 |    74 ||   225
  Use: Potion            |       |     1 ||     1
 Stab: Sleeping          |     1 |       ||     1
  Eat: Chunk             |     3 |     1 ||     4
